 Dungeon Crawl Stone Soup version 0.17.1-1-g73c8601 (webtiles) character file.

9954 shmeve the Cleaver (level 11, 0/151 HPs)
             Began as a Minotaur Berserker on Apr 15, 2016.
             Was an Elder of Trog.
             Slain by a 12-headed hydra (1 damage)
             ... on level 1 of the Lair of Beasts.
             The game lasted 00:27:02 (8685 turns).

shmeve the Cleaver (Minotaur Berserker)             Turns: 8685, Time: 00:27:03

Health: 0/151      AC: 15    Str: 31    XL:     11   Next: 29%
Magic:  10/10      EV: 10    Int: 10    God:    Trog [****..]
Gold:   738        SH:  0    Dex: 10    Spells: 0 memorised, 10 levels left

rFire  . . .     SeeInvis .     x - +0 battleaxe
rCold  . . .     Clarity  .     K - +0 plate armour
rNeg   . . .     SustAt   .     (shield currently unavailable)
rPois  .         Gourm    +     (helmet restricted)
rElec  .         Spirit   .     u - +1 cloak
rCorr  .         Warding  .     (no gloves)
rMut   .         Stasis   .     (no boots)
MR     .....                    n - amulet of the gourmand
Stlth  ..........               t - +5 ring of intelligence
                                b - +2 ring of strength

@: berserking, very quick, not resistant to hostile enchantments, extremely
unstealthy
A: retaliatory headbutt, horns 2
a: Berserk, Trog's Hand, Brothers in Arms, Burn Spellbooks, Renounce Religion


You were on level 1 of the Lair of Beasts.
You worshipped Trog.
Trog was greatly pleased with you.
You were very full.

You visited 2 branches of the dungeon, and saw 10 of its levels.
You also visited: Ossuary.

You collected 738 gold pieces.

Inventory:

Hand Weapons
 p - a +0 shortbow
 x - a +0 battleaxe (weapon)
Missiles
 i - 56 arrows
 s - 21 poisoned arrows
 y - 15 arrows of dispersal
 J - 14 arrows of frost
Armour
 u - a +1 cloak (worn)
 K - a +0 plate armour (worn)
Jewellery
 b - a +2 ring of strength (left hand)
 n - an amulet of the gourmand (around neck)
 t - a +5 ring of intelligence (right hand)
Scrolls
 d - 2 scrolls of remove curse
 f - a scroll of recharging {unknown}
 g - 3 scrolls of magic mapping
 j - 2 scrolls of enchant armour
 k - 2 scrolls of blinking
 m - 2 scrolls of fog
 v - 6 scrolls of random uselessness {unknown}
 A - 4 scrolls of teleportation {unknown}
 C - 3 scrolls of enchant weapon
 H - 2 scrolls of vulnerability {unknown}
 L - 5 scrolls of identify
 M - a scroll of noise {unknown}
 O - a scroll of brand weapon {unknown}
Potions
 a - 2 potions of brilliance
 e - a potion of lignification {unknown}
 h - a potion of magic {unknown}
 l - 3 potions of ambrosia {unknown}
 o - 5 potions of heal wounds {unknown}
 q - 3 potions of degeneration {unknown}
 w - 6 potions of agility {unknown}
 z - a potion of cancellation {unknown}
 B - a potion of invisibility {unknown}
 D - a potion of mutation {unknown}
 E - 4 potions of curing
 F - a potion of resistance {unknown}
 G - a potion of beneficial mutation {unknown}
 I - a potion of flight {unknown}
 P - a potion of haste {unknown}
 Q - a potion of cure mutation {unknown}
Comestibles
 c - 6 bread rations
 r - 5 meat rations
 N - 3 fruits


   Skills:
 * Level 10.8 Fighting
 * Level 11.4 Axes
 * Level 10.0 Bows
 + Level 7.5 Armour
 + Level 7.3 Dodging


You had 10 spell levels left.
You didn't know any spells.

Dungeon Overview and Level Annotations

Branches:
Dungeon (9/15)             Temple (0/1) D:5            Lair (1/8) D:9
    Orc: D:9-12

Altars:
Ashenzari
Elyvilon
Nemelex Xobeh
Qazlal
Trog
Xom
Yredelemnul
The Shining One

Shops:
D:5 %   D:8 (   D:9 =


Innate Abilities, Weirdness & Mutations

You reflexively headbutt those who attack you in melee.
You have a pair of horns on your head.


Message History

You headbutt the ten-headed hydra!
The ten-headed hydra is almost dead.
The ten-headed hydra bites you but does no damage. x3
The ten-headed hydra bites you!
* * * LOW HITPOINT WARNING * * *
The ten-headed hydra bites you!
* * * LOW HITPOINT WARNING * * *
The ten-headed hydra bites you but does no damage. x4
The ten-headed hydra closely misses you.
You chop one of the ten-headed hydra's heads off!
The nine-headed hydra grows two more!
You slash the 11-headed hydra!
The 11-headed hydra is almost dead.
You chop one of the 11-headed hydra's heads off!
The ten-headed hydra grows two more!
You slice the 12-headed hydra!!
Your headbutt misses the 12-headed hydra.
The 12-headed hydra is almost dead.
The 12-headed hydra bites you.
* * * LOW HITPOINT WARNING * * *
The 12-headed hydra bites you.
You die...

### #.....# .####.....#
## ....
..........#######P##....
.....................((.
........................
...................(....
......................(.
....................(...
###.P...........@D...# #
###.....####'##†......
#.....####.###...#..
#.....##....# ......
#.....##....# ..#..
#.....#.....# ..P..
#+##.....###.### ....
##.#......##.+####...#..
....................


You could see a 12-headed hydra.

Vanquished Creatures
  A hydra (Lair:1)
  Pikel (D:5)
  An elephant (D:9)
  5 spiny frogs (Lair:1)
  A komodo dragon (Lair:1)
  Grinder (D:5)
  4 slime creatures (D:7)
  A wraith (D:8)
  Menkaure (D:7)
  3 hippogriffs
  Edmund (D:5)
  3 hungry ghosts
  3 water moccasins
  Duvessa (D:5)
  A black bear (D:8)
  4 slaves (D:5)
  An ice beast (D:6)
  2 orc warriors
  2 phantoms
  A centaur (D:6)
  2 sky beasts
  2 ogres
  A necrophage (D:8)
  6 big kobolds (D:9)
  6 crocodiles
  Blork the orc (D:5)
  7 giant frogs
  Dowan (D:5)
  4 scorpions
  A wyvern skeleton (D:9)
  2 electric eels (Lair:1)
  3 giant frog zombies
  A crimson imp (D:9)
  An orc priest (D:6)
  9 orc wizards
  3 hounds
  A giant frog skeleton (D:4)
  3 centaur skeletons
  An iguana (Lair:1)
  Terence (D:2)
  4 worker ants
  A killer bee zombie (D:8)
  6 sheep
  A big kobold zombie (Ossuary)
  8 mummies (Ossuary)
  A worker ant zombie (D:8)
  3 gnolls (D:6)
  5 adders
  4 shadow imps
  An ooze (D:1)
  An adder zombie (D:5)
  5 worms
  3 giant geckos
  35 orcs
  4 bats
  7 goblins
  7 hobgoblins
  13 jackals
  16 kobolds
  4 quokkas
  5 giant cockroaches
  A giant newt (D:3)
  3 gnoll zombies (Ossuary)
  2 hobgoblin zombies (Ossuary)
  A jackal skeleton (D:3)
  A jackal zombie (D:6)
  2 orc zombies (Ossuary)
  8 rats
246 creatures vanquished.

Vanquished Creatures (others)
  A fungus (Lair:1)
1 creature vanquished.

Grand Total: 247 creatures vanquished

Notes
Turn   | Place    | Note
--------------------------------------------------------------
     0 | D:1      | shmeve the Minotaur Berserker began the quest for the Orb.
     0 | D:1      | Reached XP level 1. HP: 19/19 MP: 0/0
   115 | D:1      | Reached skill level 4 in Axes
   142 | D:1      | Reached XP level 2. HP: 17/27 MP: 1/1
   783 | D:2      | Reached XP level 3. HP: 28/33 MP: 2/2
   784 | D:2      | Reached ** piety under Trog
  1056 | D:2      | Noticed Terence
  1067 | D:2      | Killed Terence
  1067 | D:2      | Reached XP level 4. HP: 41/41 MP: 3/3
  1130 | D:2      | Found a white marble altar of Elyvilon.
  1130 | D:2      | Found a stormy altar of Qazlal.
  1130 | D:2      | Found a glowing golden altar of the Shining One.
  1718 | D:3      | Reached skill level 5 in Axes
  1718 | D:3      | Reached XP level 5. HP: 45/47 MP: 4/4
  2173 | D:4      | Reached skill level 5 in Fighting
  2195 | D:4      | Found a basalt altar of Yredelemnul.
  2447 | D:4      | Reached XP level 6. HP: 56/56 MP: 5/5
  2554 | D:4      | Found a sand-covered staircase.
  2565 | Ossuary  | Entered an ossuary
  2842 | Ossuary  | Reached skill level 6 in Axes
  3358 | D:5      | Entered Level 5 of the Dungeon
  3365 | D:5      | Noticed Pikel
  3376 | D:5      | Killed Pikel
  3376 | D:5      | Reached skill level 7 in Fighting
  3376 | D:5      | Reached XP level 7. HP: 66/66 MP: 6/6
  3586 | D:5      | Found a staircase to the Ecumenical Temple.
  3591 | D:5      | Reached XP level 8. HP: 65/73 MP: 7/7
  3636 | D:5      | Reached skill level 5 in Dodging
  3698 | D:5      | Noticed Grinder
  3703 | D:5      | Killed Grinder
  3703 | D:5      | Reached skill level 8 in Axes
  3703 | D:5      | Reached skill level 5 in Armour
  3731 | D:5      | Noticed Dowan
  3732 | D:5      | Noticed Duvessa
  3738 | D:5      | Killed Duvessa
  3747 | D:5      | Killed Dowan
  3766 | D:5      | You fall through a shaft!
  3816 | D:5      | Found Jiro's Food Emporium.
  3876 | D:5      | Noticed Edmund
  3884 | D:5      | Killed Edmund
  3923 | D:5      | Noticed Blork the orc
  3931 | D:5      | Killed Blork the orc
  4200 | D:6      | Reached skill level 9 in Axes
  4203 | D:6      | Reached XP level 9. HP: 82/82 MP: 8/8
  4302 | D:6      | Reached *** piety under Trog
  4346 | D:6      | Found a sparkling altar of Nemelex Xobeh.
  4512 | D:6      | Reached skill level 1 in Bows
  4926 | D:7      | Noticed Menkaure
  4931 | D:7      | Killed Menkaure
  5112 | D:7      | Found a shimmering altar of Xom.
  5216 | D:7      | Noticed a moth of wrath
  5218 | D:7      | Found a bloodstained altar of Trog.
  5293 | D:7      | Reached skill level 5 in Bows
  5500 | D:7      | Reached XP level 10. HP: 91/91 MP: 9/9
  5957 | D:8      | Found Cuuniorgh's Antique Weapon Emporium.
  6137 | D:8      | Reached **** piety under Trog
  6181 | D:8      | Reached skill level 10 in Axes
  6587 | D:9      | Found Komug's Jewellery Shop.
  6679 | D:9      | Found a shattered altar of Ashenzari.
  6822 | D:9      | Reached skill level 10 in Fighting
  7095 | D:9      | Found a staircase to the Lair.
  7095 | D:9      | Noticed an elephant
  7109 | D:9      | Killed an elephant
  7334 | Lair:1   | Entered Level 1 of the Lair of Beasts
  7341 | Lair:1   | Noticed a five-headed hydra
  7365 | Lair:1   | Killed an eight-headed hydra
  7365 | Lair:1   | Reached skill level 11 in Axes
  7679 | Lair:1   | Reached XP level 11. HP: 88/101 MP: 10/10
  7840 | Lair:1   | Received a gift from Trog
  8502 | Lair:1   | Reached skill level 10 in Bows
  8671 | Lair:1   | Noticed a five-headed hydra
  8683 | Lair:1   | HP: 2/151 [ten-headed hydra (7)]
  8685 | Lair:1   | Slain by a 12-headed hydra

Action                   |  1- 3 |  4- 6 |  7- 9 | 10-12 || total
-------------------------+-------+-------+-------+-------++-------
Melee: Hand axe          |    68 |    37 |       |       ||   105
       War axe           |       |    60 |       |       ||    60
       Battleaxe         |       |    18 |   131 |   186 ||   335
 Fire: Shortbow          |       |       |    16 |   113 ||   129
Invok: Berserk           |     1 |     2 |     5 |     3 ||    11
       Trog's Hand       |       |     1 |     4 |     1 ||     6
       Burn Spellbooks   |       |       |     1 |       ||     1
  Use: Scroll            |       |    10 |     2 |       ||    12
 Stab: Distracted        |       |       |     1 |       ||     1
  Eat: Chunk             |       |     6 |    31 |    19 ||    56
       Beef jerky        |       |     1 |     1 |       ||     2
       Fruit             |       |     1 |       |       ||     1
       Pizza             |       |     1 |       |       ||     1
